 Dungeon Crawl Stone Soup version 0.27.1-3-gb3d3a73c9e (webtiles) character file.

Game seed: 16771519941149856334

82 workbot the Skirmisher (level 4, -1/40 HPs)
             Began as a Draconian Berserker on Oct 21, 2021.
             Was a Follower of Trog.
             Slain by an ogre (21 damage)
             ... on level 3 of the Dungeon.
             The game lasted 00:03:52 (2140 turns).

workbot the Skirmisher (Draconian Berserker)        Turns: 2140, Time: 00:03:53

Health: -1/40      AC:  6    Str: 20    XL:     4   Next: 21%
Magic:  4/4        EV: 12    Int:  7    God:    Trog [*.....]
Gold:   87         SH:  0    Dex: 11    Spells: 3/3 levels left

rFire    . . .     SeeInvis .   a - +1 falchion
rCold    . . .     Faith    .   (no shield)
rNeg     . . .     Spirit   .   (armour unavailable)
rPois    .         Reflect  .   (helmet restricted)
rElec    .         Harm     .   g - +0 cloak
rCorr    .         Rampage  .   (no gloves)
Will     .....                  (no boots)
Stlth    +.........             (no amulet)
HPRegen  0.13/turn              (no ring)
MPRegen  0.09/turn              (no ring)

@: on berserk cooldown, slowed, very slow
A: AC +5, unfitting armour, cold-blooded
a: Renounce Religion, Berserk


You were on level 3 of the Dungeon.
You worshipped Trog.
Trog was aware of your devotion.
You visited 1 branch of the dungeon, and saw 3 of its levels.

You collected 87 gold pieces.

Inventory:

Hand Weapons
 a - a +1 falchion (weapon)
Armour
 g - a +0 cloak (worn)
Scrolls
 c - a scroll of enchant weapon
 d - 2 scrolls of teleportation {unknown}
 e - a scroll of identify {unknown}
 f - a scroll of magic mapping {unknown}
 h - a scroll of vulnerability {unknown}


   Skills:
 * Level 4.2 Fighting
 * Level 4.2 Long Blades
 + Level 3.0 Dodging
 + Level 0.2 Stealth


You had 3 spell levels left.
You didn't know any spells.
Your spell library was empty.

Dungeon Overview and Level Annotations

Branches:
Dungeon (3/15)

Altars:
Nemelex Xobeh


Innate Abilities, Weirdness & Mutations

Your plain brown scales are hard. (AC +5)
You cannot fit into any form of body armour.
You are cold-blooded and may be slowed by cold attacks.


Message History

You are exhausted.
You feel yourself slow down.
A rat comes into view.
The rat moves out of view.
You start resting.
A rat is nearby!
A rat is nearby!
A goblin and an ogre come into view.
There is an open door here.
The goblin shouts!
The rat bites you. The rat barely misses you.
There is an open door here.
The rat closely misses you.
You see here an adder corpse.
You hit the rat.
The rat is severely wounded.
The rat closely misses you. The ogre misses you.
The rat bites you but does no damage.
Hit: a) +0 falchion
Press: ? - help, Dir - move target, f - rat
Aim: a rat (severely wounded, about 40% to evade your +0 falchion)
You barely miss the rat.
The rat is severely wounded.
The rat bites you but does no damage. The ogre closely misses you.
You riposte.
You hit the ogre.
The ogre is lightly wounded.
The goblin hits you with a +0 club. The rat bites you.
As you read the scroll labelled GOERIABIEL, it crumbles to dust.
It is a scroll of enchant weapon.
Your +0 falchion glows red for a moment.
The ogre misses you. The goblin hits you but does no damage. The rat bites you.
Hit: a) +1 falchion
Press: ? - help, Dir - move target, f/p - rat
Aim: a rat (severely wounded, about 38% to evade your +1 falchion)
You barely miss the rat.
The rat is severely wounded.
The goblin hits you with a +0 club.
The ogre hits you with a +0 giant spiked club!!
Ouch! That really hurt!
You die...

.# .# .# #.# #.# .## #.# #.#
.)## #.# #.##
...###.########..###
....#..............
..#.#..#...##.....##### #
#.#....#.#.....##g#...#...#
#.#..#...#..##..@r'...'....
#....#.....รท.....O#...#...#
####################### #


You could see an ogre, a goblin and a rat.

Vanquished Creatures
  4 adders
  A worm (D:3)
  2 dart slugs (D:1)
  2 ball pythons
  5 endoplasms
  2 giant cockroaches (D:1)
  2 goblins (D:1)
  2 hobgoblins (D:1)
  6 kobolds
  A quokka (D:3)
  5 bats
  A frilled lizard (D:3)
  5 rats (D:1)
38 creatures vanquished.

Notes
Turn   | Place    | Note
-------+----------+-------------------------------------------
     0 | D:1      | workbot the Draconian Berserker began the quest for the
                  | Orb.
     0 | D:1      | Reached XP level 1. HP: 19/19 MP: 1/1
    90 | D:1      | Reached XP level 2. HP: 26/26 MP: 2/2
   684 | D:2      | Found a sparkling altar of Nemelex Xobeh.
   729 | D:2      | Reached XP level 3. HP: 33/33 MP: 3/3
   759 | D:2      | Found a faded altar of an unknown god.
  1878 | D:3      | Reached XP level 4. HP: 3/40 MP: 4/4
  2132 | D:3      | Noticed an ogre
  2140 | D:3      | Slain by an ogre

Illustrated notes

Levels and vault maps discovered:
D:1:      dpeg_arrival_refuge, layout_rooms
D:2:      layout_basic, basic_altar, shapermc_ecumenical_altar_totnotflames
D:3:      minmay_thinvault, layout_basic, grunt_qazlal_sundering,
          minmay_misc_feat_hallway, minmay_misc_feat_enclosed,
          kennysheep_generic_room_13

Skill      XL: |  1  2  3 |
---------------+----------+-----
Fighting       | 4 |  4.2
Long Blades    | 4 |  4.2
Dodging        | 3 |  3.0
Stealth        | |  0.2

Action                   |  1- 3 |  4- 6 || total
-------------------------+-------+-------++-------
Melee: Falchion          |    97 |    12 ||   109
       Tailslap          |    16 |     4 ||    20
Invok: Berserk           |       |     1 ||     1
  Use: Potion            |       |     2 ||     2
       Scroll            |       |     1 ||     1
Armor: Skin              |    35 |     5 ||    40
Dodge: Dodged            |    67 |    15 ||    82
       Rpst.: Falchion   |    16 |     5 ||    21
